[Event "Irish Women's Championship 2025"]
[Site "Dublin IRL"]
[Date "2025.10.26"]
[Round "4.2"]
[White "Batbaatar, Manduhkai"]
[Black "Scott, Sarah"]
[Result "0-1"]
[WhiteElo "1645"]
[BlackElo "1959"]
[BlackICU "1987"]
[BlackClub "Knights of Eanna"]
[WhiteNationality "IRL"]
[BlackNationality "IRL"]
[WhiteFideId "2523353"]
[BlackFideId "2507986"]
[PlyCount "90"]
[ECO "B13"]
[Opening "Caro-Kann"]
[Variation "exchange variation"]
[FIDETournamentId "447968"]
[ChessResultsKey "1279549"]
[Venue "Talbot Hotel Stillorgan"]
[EventDate "2025.10.24"]
[TimeControl "5400+30"]

{ Event information: <a href="../pairings_irlchw2025.html">Tournament
report</a>. }

1. e4 c6 2. d4 d5 3. exd5 cxd5 4. h3 Nc6 5. Nf3 Bf5 6. a3 Nf6 7. Nc3 e6 8.
Be2 Bd6 9. O-O h6 10. Bd3 Bxd3 11. Qxd3 O-O 12. Re1 a6 13. Ne5 Qc7 14. f4
Nxd4 15. Kh1 Nc6 16. Nxc6 bxc6 17. f5 e5 18. Nd1 e4 19. Qe2 Qe7 20. g4 Nd7
21. Qf2 Rfe8 22. b4 a5 23. Rb1 axb4 24. axb4 Bxb4 25. c3 Bc5 26. Qg2 Qh4
27. Bd2 Ne5 28. Re2 Nf3 29. Bf4 Qf6 30. Rc1 Ra3 31. Rb1 Rea8 32. Reb2 Ra1
33. Bg3 Bd6 34. Bf2 Rxb1 35. Rxb1 Ra2 36. Qf1 Qe5 37. Qg2 Bc5 38. Qg3 Bxf2
39. Qg2 Ne1 40. Qf1 Bc5 41. Rb2 Rxb2 42. Nxb2 Nf3 43. Qg2 Qxc3 44. Nd1 Qe1+
45. Qg1 Qxg1# 0-1

[Event "Irish Women's Championship 2025"]
[Site "Dublin IRL"]
[Date "2025.10.26"]
[Round "4.3"]
[White "Dorman, Orla"]
[Black "Fougerat, Emma"]
[Result "0-1"]
[WhiteElo "1691"]
[BlackElo "1791"]
[WhiteICU "1743"]
[BlackClub "U.C.D."]
[WhiteNationality "IRL"]
[BlackNationality "POR"]
[WhiteFideId "456039"]
[BlackFideId "45107505"]
[PlyCount "116"]
[ECO "B40"]
[Opening "Sicilian defence"]
[FIDETournamentId "447968"]
[ChessResultsKey "1279549"]
[Venue "Talbot Hotel Stillorgan"]
[EventDate "2025.10.24"]
[TimeControl "5400+30"]

{ Event information: <a href="../pairings_irlchw2025.html">Tournament
report</a>. }

1. e4 c5 2. Nf3 e6 3. c3 Nf6 4. e5 Nd5 5. d4 cxd4 6. cxd4 b6 7. Nc3 Nxc3 8.
bxc3 Qc7 9. Qc2 Bb7 10. Be2 d6 11. Bf4 Nd7 12. exd6 Bxd6 13. Bxd6 Qxd6 14.
O-O O-O 15. Rfe1 Rac8 16. Rac1 Rc7 17. Qb3 Rfc8 18. Red1 Qf4 19. c4 Nf6 20.
Qe3 Nd5 21. Qd2 Ba6 22. Qb2 Bxc4 23. Bxc4 Rxc4 24. Rxc4 Rxc4 25. Qb5 Rc8
26. Ne5 Nf6 27. Qa6 Rc1 28. Qa4 Qd2 29. Rf1 b5 30. Qxb5 Rxf1+ 31. Qxf1 Qxd4
32. Qc1 h6 33. Nf3 Qa4 34. Qb1 Nd5 35. h3 Nc3 36. Qb8+ Kh7 37. Qc7 Ne2+ 38.
Kh2 Qf4+ 39. Qxf4 Nxf4 40. Ne5 f6 41. Nc6 a6 42. Nb4 a5 43. Nc6 a4 44. Nb4
Nd5 45. Nxd5 exd5 46. Kg3 g5 47. Kf3 Kg6 48. Ke3 Kf5 49. Kd4 Ke6 50. Kc5
Ke5 51. Kb4 Kd4 52. Kxa4 Kc3 53. Kb5 d4 54. a4 d3 55. a5 d2 56. a6 d1=Q 57.
a7 Qd5+ 58. Kb6 Qxg2 0-1

[Event "Irish Women's Championship 2025"]
[Site "Dublin IRL"]
[Date "2025.10.26"]
[Round "4.4"]
[White "O'Gorman, Alice"]
[Black "Gora, Antonina"]
[Result "0-1"]
[BlackTitle "WCM"]
[WhiteElo "1960"]
[BlackElo "1952"]
[WhiteICU "2002"]
[BlackICU "1966"]
[WhiteClub "Elm Mount"]
[BlackClub "Knights of Eanna"]
[WhiteNationality "IRL"]
[BlackNationality "IRL"]
[WhiteFideId "2508214"]
[BlackFideId "1148290"]
[PlyCount "124"]
[ECO "B90"]
[Opening "Sicilian"]
[Variation "Najdorf, Adams attack"]
[FIDETournamentId "447968"]
[ChessResultsKey "1279549"]
[Venue "Talbot Hotel Stillorgan"]
[EventDate "2025.10.24"]
[TimeControl "5400+30"]
[BlackFullName "G&oacute;ra, Antonina"]

{ Event information: <a href="../pairings_irlchw2025.html">Tournament
report</a>. }

1. e4 c5 2. Nf3 d6 3. d4 cxd4 4. Nxd4 Nf6 5. Nc3 a6 6. h3 h5 7. Bg5 e6 8.
Qd2 Be7 9. O-O-O Qc7 10. Bd3 Nbd7 11. f4 b5 12. Kb1 Bb7 13. f5 e5 14. Nf3
b4 15. Nd5 Bxd5 16. exd5 e4 17. Rde1 exf3 18. gxf3 Nb6 19. Qxb4 Nbxd5 20.
Qd4 Kf8 21. Bc4 Qc5 22. Qh4 Nb6 23. Bd3 d5 24. Rhg1 Nbd7 25. Qg3 Rg8 26.
Bf4 h4 27. Qxh4 Ne4 28. Qg4 Ndf6 29. Qg2 Nc3+ 30. bxc3 Qxc3 31. Rxe7 Kxe7
32. Qe2+ Kd7 33. Rf1 Rge8 34. Qf2 d4 35. Qg2 Re1+ 36. Rxe1 Qxe1+ 37. Kb2
Qc3+ 38. Kc1 Ra7 39. Kd1 Nd5 40. Qg4 Qa1+ 41. Ke2 Nxf4+ 42. Qxf4 Qg1 43.
Qe4 Kd8 44. Qd5+ Rd7 45. Qa8+ Ke7 46. Qe4+ Kd6 47. Qf4+ Kc5 48. Qe5+ Kb6
49. Qb8+ Rb7 50. Qd8+ Ka7 51. Bb5 Qe3+ 52. Kf1 Qxf3+ 53. Kg1 Rxb5 54. Qxd4+
Rb6 55. a4 Qxf5 56. Qe3 Kb7 57. Qe7+ Kc6 58. Qe8+ Qd7 59. Qe4+ Kc7 60. Qe5+
Qd6 61. Qc3+ Rc6 62. Qa5+ Kb7 0-1

[Event "Irish Women's Championship 2025"]
[Site "Dublin IRL"]
[Date "2025.10.26"]
[Round "4.5"]
[White "Jain, Arpita"]
[Black "Mirza, Diana"]
[Result "0-1"]
[BlackTitle "WFM"]
[WhiteElo "1625"]
[BlackElo "2004"]
[BlackICU "1980"]
[WhiteClub "Knights of Eanna"]
[BlackClub "U.C.D."]
[WhiteNationality "IND"]
[BlackNationality "IRL"]
[WhiteFideId "5093333"]
[BlackFideId "2503999"]
[PlyCount "64"]
[ECO "B41"]
[Opening "Sicilian"]
[Variation "Kan variation"]
[FIDETournamentId "447968"]
[ChessResultsKey "1279549"]
[Venue "Talbot Hotel Stillorgan"]
[EventDate "2025.10.24"]
[TimeControl "5400+30"]

{ Event information: <a href="../pairings_irlchw2025.html">Tournament
report</a>. }

1. e4 c5 2. Nf3 e6 3. d4 cxd4 4. Nxd4 a6 5. Be3 Qc7 6. Bd3 Nf6 7. Nd2 Nc6
8. Nxc6 bxc6 9. O-O d5 10. exd5 cxd5 11. Re1 Bd6 12. h3 O-O 13. Bg5 Be5 14.
c3 h6 15. Be3 a5 16. Nf3 Bd6 17. Bd4 Nd7 18. Bc2 e5 19. Be3 Rb8 20. Rb1 e4
21. Nd4 Ne5 22. Qh5 f5 23. Bb3 Rxb3 24. axb3 f4 25. Nb5 $2 (25. Bd2 $17)
25... fxe3 $1 26. Nxc7 exf2+ 27. Kh1 fxe1=Q+ 28. Rxe1 Bxc7 $19 29. Rd1 Ba6
30. g4 e3 31. g5 e2 32. Rg1 d4 0-1

[Event "Irish Women's Championship 2025"]
[Site "Dublin IRL"]
[Date "2025.10.26"]
[Round "5.1"]
[White "Scott, Sarah"]
[Black "Doolin, Nemhain"]
[Result "0-1"]
[WhiteElo "1959"]
[BlackElo "1840"]
[WhiteICU "1987"]
[BlackICU "1877"]
[WhiteClub "Knights of Eanna"]
[BlackClub "Moate Juniors"]
[WhiteNationality "IRL"]
[BlackNationality "IRL"]
[WhiteFideId "2507986"]
[BlackFideId "2517230"]
[PlyCount "124"]
[ECO "C03"]
[Opening "French"]
[Variation "Tarrasch"]
[FIDETournamentId "447968"]
[ChessResultsKey "1279549"]
[Venue "Talbot Hotel Stillorgan"]
[EventDate "2025.10.24"]
[TimeControl "5400+30"]

{ Event information: <a href="../pairings_irlchw2025.html">Tournament
report</a>. }

1. e4 e6 2. d4 d5 3. Nd2 Be7 4. c3 Nf6 5. e5 Nfd7 6. f4 c5 7. Ndf3 b6 8.
Bd3 Ba6 9. Ne2 Bxd3 10. Qxd3 Nc6 11. O-O O-O 12. f5 exf5 13. Nf4 g6 14.
Nxd5 cxd4 15. Nxe7+ Qxe7 16. Bg5 Qe6 17. cxd4 Nb4 18. Qd2 Nd5 19. Rae1 Rfe8
20. Qf2 Rac8 21. Qh4 h5 22. g4 fxg4 23. Nd2 Ne7 24. Ne4 Nf5 25. Rxf5 Qxf5
26. Nd6 Qe6 27. Rf1 Rf8 28. Be3 Rc2 29. Rf2 Rxf2 30. Qxf2 Qxa2 31. Bh6 Qd5
32. Qd2 Rb8 33. Qf4 b5 34. Bg5 Rb6 35. Nc8 Re6 36. Ne7+ Rxe7 37. Bxe7 Qc4
38. Qd2 Qe6 39. Bg5 Qd5 40. Qc3 Kg7 41. Qe3 Kf8 42. Qa3+ Kg7 43. Qxa7 Nf8
44. Bf6+ Kh6 45. Qc5 Qxc5 46. dxc5 Nd7 47. c6 Nb6 48. Kf2 g5 49. Ke3 Kg6
50. Bd8 Nc8 51. Ba5 Kf5 52. Kd4 h4 53. Be1 g3 54. Bxg3 hxg3 55. hxg3 Ke6
56. b4 g4 57. Kc5 Kxe5 58. c7 f5 59. Kxb5 Kd6 60. Kc4 Kxc7 61. Kd4 Kd6 62.
Ke3 Ke5 0-1

[Event "Irish Women's Championship 2025"]
[Site "Dublin IRL"]
[Date "2025.10.26"]
[Round "5.2"]
[White "Fougerat, Emma"]
[Black "Ferguson, Dayna"]
[Result "1/2-1/2"]
[WhiteElo "1791"]
[BlackElo "1808"]
[BlackICU "1814"]
[WhiteClub "U.C.D."]
[BlackClub "Drogheda"]
[WhiteNationality "POR"]
[BlackNationality "IRL"]
[WhiteFideId "45107505"]
[BlackFideId "2509342"]
[PlyCount "98"]
[ECO "A15"]
[Opening "English, 1...Nf6 (Anglo-Indian defense)"]
[FIDETournamentId "447968"]
[ChessResultsKey "1279549"]
[Venue "Talbot Hotel Stillorgan"]
[EventDate "2025.10.24"]
[TimeControl "5400+30"]

{ Event information: <a href="../pairings_irlchw2025.html">Tournament
report</a>. }

1. c4 Nf6 2. g3 Nc6 3. Bg2 e6 4. Nf3 d5 5. cxd5 exd5 6. O-O Bf5 7. a3 a5 8.
d3 h6 9. Nc3 Be7 10. Bd2 O-O 11. Rb1 Qd7 12. Re1 Bg4 13. Bf4 Nh5 14. Bc1
Nf6 15. b3 Bxf3 16. Bxf3 Ne5 17. Bg2 c6 18. b4 axb4 19. axb4 d4 20. Na4 Qf5
21. h3 Ned7 22. Qb3 Qb5 23. Nc5 Bxc5 24. bxc5 Qxb3 25. Rxb3 Nxc5 26. Rb4
Ra4 27. Bd2 Rc8 28. Rc1 Rxb4 29. Bxb4 Na6 30. Ba5 Nc7 31. Bb6 Nb5 32. Rc4
Ra8 33. Bxd4 Nxd4 34. Rxd4 Ra1+ 35. Kh2 Ra2 36. Bf3 Rb2 37. g4 Kf8 38. Kg3
g5 39. Rd8+ Ke7 40. Rh8 c5 41. Rxh6 b5 42. h4 gxh4+ 43. Kxh4 b4 44. g5 Nd7
45. Rh7 Nf8 46. Rg7 Ne6 47. Rh7 Nf8 48. Rg7 Ne6 49. Rh7 Nf8 1/2-1/2

[Event "Irish Women's Championship 2025"]
[Site "Dublin IRL"]
[Date "2025.10.26"]
[Round "5.3"]
[White "O'Gorman, Alice"]
[Black "Dorman, Orla"]
[Result "1-0"]
[WhiteElo "1960"]
[BlackElo "1691"]
[WhiteICU "2002"]
[BlackICU "1743"]
[WhiteClub "Elm Mount"]
[WhiteNationality "IRL"]
[BlackNationality "IRL"]
[WhiteFideId "2508214"]
[BlackFideId "456039"]
[PlyCount "65"]
[ECO "A25"]
[Opening "English"]
[Variation "Sicilian reversed"]
[FIDETournamentId "447968"]
[ChessResultsKey "1279549"]
[Venue "Talbot Hotel Stillorgan"]
[EventDate "2025.10.24"]
[TimeControl "5400+30"]

{ Event information: <a href="../pairings_irlchw2025.html">Tournament
report</a>. }

1. c4 e5 2. Nc3 Nc6 3. g3 a6 4. Bg2 Bc5 5. e3 Nf6 6. Nge2 d6 7. O-O O-O 8.
d4 exd4 9. Nxd4 Bd7 10. Nxc6 Bxc6 11. Bxc6 bxc6 12. Qf3 Qd7 13. b3 d5 14.
Rd1 Bb4 15. Bb2 Rad8 16. h4 Qe6 17. cxd5 cxd5 18. Ne2 Qe4 19. Qxe4 Nxe4 20.
Rac1 Rd7 21. Rc6 Be7 22. Nf4 Bf6 23. Bxf6 Nxf6 24. Rxa6 Rfd8 25. Rc6 Kf8
26. a4 Rb8 27. Rb1 d4 28. exd4 Rxd4 29. a5 Rdb4 30. Rxc7 Rxb3 31. Rxb3 Rxb3
32. a6 Ra3 33. a7 1-0

[Event "Irish Women's Championship 2025"]
[Site "Dublin IRL"]
[Date "2025.10.26"]
[Round "5.4"]
[White "Barry, Suzanne"]
[Black "Batbaatar, Manduhkai"]
[Result "1-0"]
[WhiteElo "1573"]
[BlackElo "1645"]
[WhiteICU "1590"]
[WhiteClub "Naomh Barrog"]
[WhiteNationality "IRL"]
[BlackNationality "IRL"]
[WhiteFideId "2507323"]
[BlackFideId "2523353"]
[PlyCount "75"]
[ECO "A10"]
[Opening "English opening"]
[FIDETournamentId "447968"]
[ChessResultsKey "1279549"]
[Venue "Talbot Hotel Stillorgan"]
[EventDate "2025.10.24"]
[TimeControl "5400+30"]

{ Event information: <a href="../pairings_irlchw2025.html">Tournament
report</a>. }

1. c4 d5 2. cxd5 Qxd5 3. Nc3 Qd8 4. e4 a6 5. d4 h6 6. Nf3 Nf6 7. e5 Nd5 8.
Bc4 e6 9. O-O Be7 10. Nxd5 exd5 11. Bd3 Bg4 12. Bd2 Nc6 13. Bc3 Bg5 14. Be2
Bf5 15. Bd3 Qd7 16. Qc2 Bg4 17. Be2 Bf4 18. a3 h5 19. g3 Bh3 20. Rfe1 Bh6
21. Nh4 g5 22. Bxh5 Qe6 23. Ng2 Bg7 24. Bf3 g4 25. Nf4 Qh6 26. Bxd5 O-O-O
27. e6 fxe6 28. Rxe6 Qg5 29. Bxc6 bxc6 30. Rxc6 Qb5 31. d5 Bxc3 32. Qxc3
Rh7 33. Rc1 Kb8 34. Rxc7 Rdd7 35. Rxd7 Rxd7 36. Qe5+ Kb7 37. Qc3 a5 38.
Qc6+ 1-0

[Event "Irish Women's Championship 2025"]
[Site "Dublin IRL"]
[Date "2025.10.26"]
[Round "5.5"]
[White "Gora, Antonina"]
[Black "Jain, Arpita"]
[Result "1-0"]
[WhiteTitle "WCM"]
[WhiteElo "1952"]
[BlackElo "1625"]
[WhiteICU "1966"]
[WhiteClub "Knights of Eanna"]
[BlackClub "Knights of Eanna"]
[WhiteNationality "IRL"]
[BlackNationality "IND"]
[WhiteFideId "1148290"]
[BlackFideId "5093333"]
[PlyCount "85"]
[ECO "C50"]
[Opening "Hungarian defence"]
[FIDETournamentId "447968"]
[ChessResultsKey "1279549"]
[Venue "Talbot Hotel Stillorgan"]
[EventDate "2025.10.24"]
[TimeControl "5400+30"]
[WhiteFullName "G&oacute;ra, Antonina"]

{ Event information: <a href="../pairings_irlchw2025.html">Tournament
report</a>. }

1. e4 e5 2. Nf3 Nc6 3. Bc4 Be7 4. c3 Nf6 5. d3 d6 6. O-O Bg4 7. Nbd2 O-O 8.
h3 Bh5 9. Re1 Na5 10. Bb5 c6 11. Ba4 b5 12. Bc2 c5 13. Nf1 Rc8 14. Ng3 Bg6
15. Nh4 Ne8 16. Nhf5 Bg5 17. Bxg5 Qxg5 18. h4 Qf6 19. h5 Bxf5 20. Nxf5 Kh8
21. Qg4 g6 22. Nh4 Ng7 23. h6 Ne6 24. Re3 Qg5 25. Qxg5 Nxg5 26. Rg3 Ne6 27.
Rf3 Nf4 28. g3 Nh3+ 29. Kg2 Ng5 30. Rf6 Rcd8 31. f4 Ne6 32. fxe5 dxe5 33.
Raf1 Kg8 34. Nf3 Nc6 35. Bb3 Rfe8 36. Bd5 Ne7 37. Bxe6 fxe6 38. Nxe5 Nc8
39. Rf7 Re7 40. Rxe7 Nxe7 41. Rf7 Re8 42. Rg7+ Kf8 43. Nd7# 1-0

[Event "Irish Women's Championship 2025"]
[Site "Dublin IRL"]
[Date "2025.10.26"]
[Round "5.6"]
[White "Mirza, Diana"]
[Black "Petrenko, Maryna"]
[Result "0-1"]
[WhiteTitle "WFM"]
[BlackTitle "WFM"]
[WhiteElo "2004"]
[BlackElo "2002"]
[WhiteICU "1980"]
[BlackICU "2128"]
[WhiteClub "U.C.D."]
[BlackClub "Blanchardstown"]
[WhiteNationality "IRL"]
[BlackNationality "UKR"]
[WhiteFideId "2503999"]
[BlackFideId "14197820"]
[PlyCount "108"]
[ECO "A08"]
[Opening "Reti"]
[Variation "King's Indian attack, French variation"]
[FIDETournamentId "447968"]
[ChessResultsKey "1279549"]
[Venue "Talbot Hotel Stillorgan"]
[EventDate "2025.10.24"]
[TimeControl "5400+30"]

{ Event information: <a href="../pairings_irlchw2025.html">Tournament
report</a>. }

1. e4 c5 2. Nf3 e6 3. d3 Nc6 4. g3 d5 5. Nbd2 Nf6 6. Bg2 Be7 7. O-O O-O 8.
Re1 Qc7 9. Nf1 b5 10. e5 Nd7 11. Bf4 Bb7 12. h4 Rfc8 13. N1h2 h6 14. Ng4
Bf8 15. h5 Qd8 16. Nh4 Be7 17. Nf3 Bf8 18. Ngh2 Rab8 19. g4 Be7 20. Qd2 d4
21. Nf1 Nb4 22. Qe2 c4 23. Nxd4 cxd3 24. Qd2 Bxg2 25. Kxg2 Nxc2 26. Nxc2
dxc2 27. Ne3 Nc5 28. Qxd8+ Bxd8 29. Kf3 Nd3 30. Rec1 Nxc1 31. Rxc1 Bg5 32.
Bxg5 hxg5 33. Rxc2 Rxc2 34. Nxc2 Rc8 35. Nd4 a6 36. Ke4 Rc1 37. Kd3 Rg1 38.
f3 Re1 39. Nc6 Rf1 40. Nd4 Re1 41. Nc6 Rd1+ 42. Kc2 Rf1 43. Nd4 Re1 44. Kb3
Rxe5 45. Kb4 Rd5 46. Nc6 Rd2 47. Kc3 Rf2 48. Nb8 a5 49. Nc6 Rxf3+ 50. Kc2
Rf4 51. Nxa5 Rxg4 52. Kc3 Ra4 53. Nb3 g4 54. Nd4 g3 0-1

[Event "Irish Women's Championship 2025"]
[Site "Dublin IRL"]
[Date "2025.10.27"]
[Round "6.1"]
[White "Petrenko, Maryna"]
[Black "Fougerat, Emma"]
[Result "1-0"]
[WhiteTitle "WFM"]
[WhiteElo "2002"]
[BlackElo "1791"]
[WhiteICU "2128"]
[WhiteClub "Blanchardstown"]
[BlackClub "U.C.D."]
[WhiteNationality "UKR"]
[BlackNationality "POR"]
[WhiteFideId "14197820"]
[BlackFideId "45107505"]
[PlyCount "103"]
[ECO "E04"]
[Opening "Catalan"]
[Variation "open, 5.Nf3"]
[FIDETournamentId "447968"]
[ChessResultsKey "1279549"]
[Venue "Talbot Hotel Stillorgan"]
[EventDate "2025.10.24"]
[TimeControl "5400+30"]

{ Event information: <a href="../pairings_irlchw2025.html">Tournament
report</a>. }

1. d4 d5 2. c4 e6 3. Nf3 Nf6 4. g3 dxc4 5. Bg2 c5 6. O-O Nc6 7. Qa4 Bd7 8.
Qxc4 b5 9. Qd3 c4 10. Qd1 Rc8 11. Nbd2 Be7 12. e4 O-O 13. a4 a6 14. axb5
axb5 15. e5 Nd5 16. Ne4 Qb6 17. Bg5 Bb4 18. Bd2 Be7 19. Bg5 Bb4 20. Be3 Na5
$6 (20... Be7 $15) 21. Nfg5 h6 $2 (21... Be7 $1 $15) 22. Qh5 (22. Nf6+ $3
$18 { , e.g. } 22... gxf6 23. Ne4 f5 24. Qh5 Be7 25. Bxh6 { (threatening
Ng5 and Nf6+) } 25... Qxd4 { (only move) } 26. Bxf8 Rxf8 27. Ng5 Bxg5 28.
Qxg5+ Kh7 29. Rxa5 $18) 22... Be7 $10 23. Nh3 f5 $2 (23... Be8 $10) 24.
exf6 Bxf6 $2 (24... Be8 $16) 25. Nc5 Be8 26. Qg4 $18 Nc7 27. d5 h5 28. Qe2
Nxd5 29. Bxd5 exd5 30. Nd7 Qc7 31. Nxf8 Kxf8 32. Bf4 Qb6 33. Rxa5 Qxa5 34.
Bd6+ Kf7 35. Qxh5+ Ke6 36. Qg4+ Kxd6 37. Qxc8 Bd7 38. Qf8+ Kc6 39. Nf4 Qd2
40. Qa8+ Kd6 41. Qf8+ Kc6 42. Ra1 Bd4 43. Ra6+ Bb6 44. Qa8+ Kc5 45. Qxd5+
Qxd5 46. Nxd5 Bd8 47. Ra8 Bf6 48. Nxf6 gxf6 49. h4 Kb4 50. Rd8 Bg4 51. Rd5
f5 52. Kg2 1-0

[Event "Irish Women's Championship 2025"]
[Site "Dublin IRL"]
[Date "2025.10.27"]
[Round "6.2"]
[White "Mirza, Diana"]
[Black "Scott, Sarah"]
[Result "1/2-1/2"]
[WhiteTitle "WFM"]
[WhiteElo "2004"]
[BlackElo "1959"]
[WhiteICU "1980"]
[BlackICU "1987"]
[WhiteClub "U.C.D."]
[BlackClub "Knights of Eanna"]
[WhiteNationality "IRL"]
[BlackNationality "IRL"]
[WhiteFideId "2503999"]
[BlackFideId "2507986"]
[PlyCount "48"]
[ECO "D00"]
[Opening "Queen's pawn"]
[Variation "Chigorin variation"]
[FIDETournamentId "447968"]
[ChessResultsKey "1279549"]
[Venue "Talbot Hotel Stillorgan"]
[EventDate "2025.10.24"]
[TimeControl "5400+30"]

{ Event information: <a href="../pairings_irlchw2025.html">Tournament
report</a>. }

1. d4 d5 2. Nc3 Nf6 3. Bf4 c5 4. e4 Nxe4 5. Nxe4 dxe4 6. dxc5 Qxd1+ 7. Rxd1
Nc6 8. Bb5 Bd7 9. f3 exf3 10. Nxf3 f6 11. O-O e5 12. Be3 Be7 13. Nd2 Nb4
14. Bxd7+ Kxd7 15. Nc4+ Kc7 16. c3 Nc6 17. b4 Rad8 18. b5 Nb8 19. Nd6 Bxd6
20. cxd6+ Rxd6 21. Rxd6 Kxd6 22. Bxa7 Nd7 23. Rd1+ Ke6 24. Be3 Rc8 1/2-1/2

[Event "Irish Women's Championship 2025"]
[Site "Dublin IRL"]
[Date "2025.10.27"]
[Round "6.3"]
[White "Jain, Arpita"]
[Black "O'Gorman, Alice"]
[Result "0-1"]
[WhiteElo "1625"]
[BlackElo "1960"]
[BlackICU "2002"]
[WhiteClub "Knights of Eanna"]
[BlackClub "Elm Mount"]
[WhiteNationality "IND"]
[BlackNationality "IRL"]
[WhiteFideId "5093333"]
[BlackFideId "2508214"]
[PlyCount "108"]
[ECO "B90"]
[Opening "Sicilian"]
[Variation "Najdorf"]
[FIDETournamentId "447968"]
[ChessResultsKey "1279549"]
[Venue "Talbot Hotel Stillorgan"]
[EventDate "2025.10.24"]
[TimeControl "5400+30"]

{ Event information: <a href="../pairings_irlchw2025.html">Tournament
report</a>. }

1. e4 c5 2. Nf3 d6 3. d4 cxd4 4. Nxd4 Nf6 5. Nc3 a6 6. Bd3 e5 7. Nf3 Be7 8.
h3 Be6 9. Be3 h6 10. O-O O-O 11. Ne2 Nbd7 12. Ng3 d5 13. exd5 Bxd5 14. Bf5
e4 15. Nd2 Bc5 16. Ndxe4 Bxe3 17. Nxf6+ Nxf6 18. fxe3 Re8 19. Qd4 Qc7 20.
Qf4 Qb6 21. Qd4 Qc7 22. Ne2 Rad8 23. Qc3 Qxc3 24. Nxc3 Rxe3 25. Rad1 Ree8
26. Nxd5 Nxd5 27. Rf3 Nf6 28. Rxd8 Rxd8 29. Bd3 Re8 30. b3 Re7 31. Bc4 Kf8
32. a4 Nd7 33. Rc3 Ne5 34. Bd5 Rd7 35. Rc8+ Ke7 36. Be4 g6 37. Rb8 f5 38.
Bxb7 Rc7 39. c4 Nd7 40. Bxa6 Nxb8 41. Bb5 Nc6 42. Ba6 Kd6 43. Kf2 Kc5 44.
Ke3 Kb4 45. Kf4 Kxb3 46. Bb5 Kb4 47. h4 Na7 48. h5 Nxb5 49. cxb5 gxh5 50.
Kxf5 Kxa4 51. b6 Rb7 52. Kg6 Rxb6+ 53. Kxh5 Rb2 54. g4 Rg2 0-1

[Event "Irish Women's Championship 2025"]
[Site "Dublin IRL"]
[Date "2025.10.27"]
[Round "6.4"]
[White "Ferguson, Dayna"]
[Black "Batbaatar, Manduhkai"]
[Result "1/2-1/2"]
[WhiteElo "1808"]
[BlackElo "1645"]
[WhiteICU "1814"]
[WhiteClub "Drogheda"]
[WhiteNationality "IRL"]
[BlackNationality "IRL"]
[WhiteFideId "2509342"]
[BlackFideId "2523353"]
[PlyCount "80"]
[ECO "D02"]
[Opening "Queen's pawn game"]
[FIDETournamentId "447968"]
[ChessResultsKey "1279549"]
[Venue "Talbot Hotel Stillorgan"]
[EventDate "2025.10.24"]
[TimeControl "5400+30"]

{ Event information: <a href="../pairings_irlchw2025.html">Tournament
report</a>. }

1. d4 d5 2. Nf3 Bf5 3. c4 dxc4 4. g3 h6 5. Bg2 Nc6 6. d5 Nb8 7. Qa4+ Nd7 8.
Nd4 Bg6 9. O-O Nf6 10. Nc3 a6 11. Qxc4 Nb6 12. Qb3 e5 13. Nf3 Bd6 14. a4
Rb8 15. a5 Nbd7 16. Qc4 O-O 17. b4 Re8 18. e4 b5 19. Qe2 Bxb4 20. Qd3 Bxc3
21. Qxc3 Bxe4 22. Qc6 Qc8 23. Nh4 Bxg2 24. Kxg2 Qb7 25. Rd1 Qxc6 26. dxc6
Nc5 27. Be3 Nce4 28. Nf5 Red8 29. Bb6 Ne8 30. Ba7 Ra8 31. Rd7 Rxd7 32. cxd7
N8f6 33. Rd1 Nxd7 34. Rxd7 Rxa7 35. Ne7+ Kh7 36. Nc6 Rb7 37. Nd8 Rb8 38.
Nc6 Rb7 39. Nd8 Ra7 40. Nc6 Ra8 1/2-1/2

[Event "Irish Women's Championship 2025"]
[Site "Dublin IRL"]
[Date "2025.10.27"]
[Round "6.5"]
[White "Gora, Antonina"]
[Black "Doolin, Nemhain"]
[Result "1/2-1/2"]
[WhiteTitle "WCM"]
[WhiteElo "1952"]
[BlackElo "1840"]
[WhiteICU "1966"]
[BlackICU "1877"]
[WhiteClub "Knights of Eanna"]
[BlackClub "Moate Juniors"]
[WhiteNationality "IRL"]
[BlackNationality "IRL"]
[WhiteFideId "1148290"]
[BlackFideId "2517230"]
[PlyCount "71"]
[ECO "C10"]
[Opening "French"]
[Variation "Paulsen variation"]
[FIDETournamentId "447968"]
[ChessResultsKey "1279549"]
[Venue "Talbot Hotel Stillorgan"]
[EventDate "2025.10.24"]
[TimeControl "5400+30"]
[WhiteFullName "G&oacute;ra, Antonina"]

{ Event information: <a href="../pairings_irlchw2025.html">Tournament
report</a>. }

1. e4 e6 2. d4 d5 3. Nc3 Be7 4. e5 c5 5. Qg4 g5 6. dxc5 Nc6 7. Bb5 h5 8.
Bxc6+ bxc6 9. Qa4 Qc7 10. Be3 Nh6 11. O-O-O Nf5 12. Bd2 Bd7 13. Qa3 Qxe5
14. Nf3 Qg7 15. Rhe1 Bf6 16. Na4 O-O 17. Bc3 Bxc3 18. Nxc3 f6 19. Nd4 e5
20. Nxf5 Bxf5 21. f3 Qh7 22. Rd2 Rab8 23. g3 Rb7 24. f4 e4 25. Ne2 Rfb8 26.
Nd4 Bd7 27. fxg5 fxg5 28. c3 Rf8 29. Qa6 Rc7 30. Qe2 Bg4 31. Qe3 Qg6 32. b3
Bf3 33. Kb2 g4 34. Nc2 Re7 35. Nb4 a5 36. Nc2 1/2-1/2